AoeStats
← skrepy707

Arabia

508689734Analyzed
1v1 RM · 10d ago on Sep 23, 2026· 40m 16s· 2 players
Game mode
Random Map
Map size
Tiny (2 player)
Population
200
Speed
Normal
Resources
Standard
Victory
Conquest
Starting age
Dark Age
Ending age
Imperial Age
RankedLock teamsTeams togetherTeam positionsShared explorationLock speedFull tech treeHidden civsTurbo modeCheats
Victory
Defeat
🇦🇷 Saracens · Argentina
1008
+15
🇨🇿 Italians · Czechia
977
-15
skrepy707
8:02 Loom
10:21 Feudal Age
11:43 Double-Bit Axe
14:06 Fletching
15:05 Horse Collar
20:26 Padded Archer Armor
24:03 Castle Age
23:03 Gold Mining
24:27 Crossbowman
25:24 Bodkin Arrow
27:25 Bow Saw
27:17 Heavy Plow
28:22 Wheelbarrow
28:12 Leather Archer Armor
28:44 Thumb Ring
32:10 Stone Mining
32:09 Town Watch
35:55 Ballistics
Augusta
0:56 Loom
13:46 Feudal Age
14:52 Double-Bit Axe
15:32 Horse Collar
18:37 Fletching
19:42 Padded Archer Armor
21:49 Castle Age
22:00 Crossbowman
22:36 Bodkin Arrow
23:29 Leather Archer Armor
28:39 Scale Barding Armor
33:36 Chain Barding Armor
34:09 Bloodlines
36:48 Ballistics
39:04 Forging
Connection lost

Rejoining the realm…

Still unreachable

The connection could not be restored.

Session expired

The server has moved on; the page needs a fresh start.